 Dungeon Crawl Stone Soup version 0.28-a0-723-g095bd1b44f (webtiles) character file.

Game seed: 2013419404005691493

123 BlueGoblin the Cudgeller (level 4, -1/45 HPs)
             Began as a Troll Monk on Oct 26, 2021.
             Slain by a bullfrog zombie (5 damage)
             ... on level 3 of the Dungeon.
             The game lasted 00:03:22 (1815 turns).

BlueGoblin the Cudgeller (Troll Monk)               Turns: 1815, Time: 00:03:22

Health: -1/45      AC:  4    Str: 19    XL:     4   Next: 79%
Magic:  3/3        EV: 10    Int:  6    God:
Gold:   195        SH:  0    Dex: 13    Spells: 3/3 levels left

rFire   . . .      SeeInvis .   a - +0 mace
rCold   . . .      Faith    .   (no shield)
rNeg    . . .      Spirit   .   b - +0 robe
rPois   .          Reflect  .   (helmet restricted)
rElec   .          Harm     .   (no cloak)
rCorr   .          Rampage  .   (gloves unavailable)
Will    .....                   (boots unavailable)
Stlth   ++........              (no amulet)
HPRegen 1.15/turn               (no ring)
MPRegen 0.08/turn               (no ring)

@: hasted, studying Spellcasting, very quick
A: large, unfitting armour, claws 3, regeneration 1, shaggy fur 1, tough skin 1
a: no special abilities


You were on level 3 of the Dungeon.
You visited 1 branch of the dungeon, and saw 3 of its levels.

You collected 195 gold pieces.

Inventory:

Hand Weapons
 a - a +0 mace (weapon)
Armour
 b - a +0 robe (worn)
Jewellery
 h - a ring of wizardry
Scrolls
 d - a scroll of identify {unknown}
 g - 2 scrolls of teleportation {unknown}
 i - 2 scrolls of enchant armour {unknown}
Potions
 c - a potion of might {unknown}
 e - a potion of berserk rage {unknown}
 f - a potion of haste
 j - a potion of brilliance {unknown}
 k - a potion of heal wounds {unknown}


   Skills:
 + Level 3.1 Fighting
 + Level 4.0 Maces & Flails
 + Level 3.1 Dodging
 - Level 1.0 Stealth


You had 3 spell levels left.
You didn't know any spells.
Your spell library contained the following spells:

 Spells                   Type           Power      Damage    Failure   Level
 Call Canine Familiar     Summ           0%         N/A       83%         3
 Portal Projectile        Hex/Tloc       0%         N/A       83%         3
 Leda's Liquefaction      Hex/Erth       0%         N/A       99%         4


Dungeon Overview and Level Annotations

Branches:
Dungeon (3/15)

Altars:

Shops:
D:2 !


Innate Abilities, Weirdness & Mutations

You are too large for most types of armour.
You have claws for hands.
Your natural rate of healing is unusually fast.
You are covered in fur. (AC +1)
You have tough skin. (AC +1)


Message History

The orc is severely wounded.
The orc barely misses you.
The orc shouts!
You hit the orc but do no damage.
The orc is severely wounded.
An orc comes into view. It is wielding a +0 mace.
The orc barely misses you.
An orc wizard comes into view. It is wielding a +0 dagger.
You barely miss the orc.
The orc is severely wounded.
The orc shouts!
The orc barely misses you.
You hit the orc.
You kill the orc!
A frilled lizard comes into view.
The frilled lizard moves out of view.
You barely miss the bullfrog zombie.
The bullfrog zombie is lightly damaged.
The bullfrog zombie hits you.
The orc priest calls down the wrath of Beogh upon you.
Beogh smites you! The bullfrog zombie barely misses you.
You hear a shout!
You hit the bullfrog zombie.
The bullfrog zombie is moderately damaged.
The bullfrog zombie hits you but does no damage.
The orc closely misses you. x2; The bullfrog zombie closely misses you.
You sock the bullfrog zombie!
The bullfrog zombie is heavily damaged.
The orc hits you with a +0 flail! The orc hits you with a +0 dagger.
An orc comes into view. It is wielding a +0 club.
The bullfrog zombie closely misses you. The orc barely misses you.
You hit the bullfrog zombie.
The bullfrog zombie is heavily damaged.
The bullfrog zombie barely misses you. The orc hits you with a +0 flail!
* * * LOW HITPOINT WARNING * * *
The bullfrog zombie hits you.
* * * LOW HITPOINT WARNING * * *
It was a potion of haste.
You feel yourself speed up. The bullfrog zombie hits you.
You die... .. ... .... o.# oo. #o### #ooo#

#@# ##.# #
#Z###....#
##..##.....#
.........####
####.###.# ##
## #.###)##
#.. ##.
#......#
#..##..
####...#
..... ####.##
# #...


You could see an orc priest, an orc wizard, 5 orcs and a bullfrog zombie.

Vanquished Creatures
  An orc wizard (D:3)
  A gnoll (D:1)
  2 adders
  An ufetubus (D:3)
  A dart slug (D:2)
  6 orcs
  6 ball pythons
  5 endoplasms
  2 giant cockroaches
  8 goblins
  3 hobgoblins
  2 kobolds
  4 quokkas
  4 bats
  5 frilled lizards
  4 rats (D:2)
55 creatures vanquished.

Notes
Turn   | Place    | Note
-------+----------+-------------------------------------------
     0 | D:1      | BlueGoblin the Troll Monk began the quest for the Orb.
     0 | D:1      | Reached XP level 1. HP: 22/22 MP: 0/0
   199 | D:1      | Reached skill level 3 in Maces & Flails
   199 | D:1      | Reached XP level 2. HP: 15/29 MP: 1/1
   615 | D:1      | Found a faded altar of an unknown god.
  1103 | D:2      | Reached XP level 3. HP: 34/36 MP: 2/2
  1270 | D:2      | Found Sufavush's Distillery.
  1640 | D:3      | Reached XP level 4. HP: 31/45 MP: 3/3
  1800 | D:3      | Reached skill level 4 in Maces & Flails
  1815 | D:3      | Slain by a bullfrog zombie

Illustrated notes

Levels and vault maps discovered:
D:1:      dpeg_arrival_chambers_temple_mockup, layout_basic,
          chequers_ecumenical_altar_island, serial_forest,
          infiniplex_forest_clump_long, infiniplex_forest_lined_4_way,
          infiniplex_forest_clump_C, infiniplex_forest_lined_2,
          infiniplex_forest_lined_room_2, infiniplex_forest_lined_1,
          infiniplex_forest_clump_diagonal, infiniplex_forest_lined_1
D:2:      layout_basic, serial_shops, shop_coins, solitary_fountain
D:3:      layout_rooms, nemelex_spade_bored_becter

Skill      XL: |  1  2  3  4 |
---------------+-------------+-----
Maces & Flails | 3 4 |  4.0
Fighting       | 3 |  3.1
Dodging        | 3 |  3.1
Stealth        | |  1.0

Action                   |  1- 3 |  4- 6 || total
-------------------------+-------+-------++-------
Melee: Mace              |   109 |    75 ||   184
  Use: Potion            |       |     1 ||     1
 Stab: Sleeping          |     4 |       ||     4
Armor: Robe              |    42 |    41 ||    83
Dodge: Dodged            |    60 |    41 ||   101

Table legend: (Time is in decaauts)
 A = Elapsed time spent in this place.
 B = Non-inter-level travel time spent in this place.
 C = Inter-level travel time spent in this place.
 D = Time resting spent in this place.
 E = Time spent auto-exploring this place.
 F = Levels seen in this place.
 G = Mean time per level.
                   A        B        C        D        E       F      G
               +--------+--------+--------+--------+--------+-----+--------+
         Total |   1862 |   1740 |    122 |     11 |   1286 |   3 |  620.7 |
       Dungeon |   1862 |   1740 |    122 |     11 |   1286 |   3 |  620.7 |
               +--------+--------+--------+--------+--------+-----+--------+

Top non-repeatable levels by time:
     D:1: 1078 daAuts
     D:2: 663 daAuts
     D:3: 121 daAuts
